 Dungeon Sprint DCSS version 0.19-a0-1932-g59670f6 (webtiles) character file.

7953 poirepourri the Imperceptible (level 11, -1/50 HPs)
             Began as a Spriggan Enchanter on Oct 25, 2016.
             Was the Champion of Dithmenos.
             Slain by a tarantella (15 damage)
             ... summoned by a deep elf mage
             ... in the Dungeon (Sprint III: "The Ten Rune Challenge").
             The game lasted 00:08:32 (2635 turns).

poirepourri the Imperceptible (Spriggan Enchanter)  Turns: 2635, Time: 00:08:33

Health: -1/50      AC:  4    Str:  4    XL:     11   Next: 3%
Magic:  24/31      EV: 25    Int: 17    God:    Dithmenos [******]
Gold:   2082       SH:  0    Dex: 20    Spells: 5 memorised, 28 levels left

rFire  . . .     SeeInvis +     a - +1 dagger
rCold  . . .     Gourm    .     f - +2 robe {MR+}
rNeg   . . .     Faith    .     (shield restricted)
rPois  .         Spirit   .     (helmet restricted)
rElec  .         Reflect  .     (no cloak)
rCorr  .         Harm     .     (gloves unavailable)
MR     ++...     NoTele   +     (boots unavailable)
Stlth  ++++++++++               (no amulet)
                                (no ring)
                                (no ring)

@: wreathed by umbra, very quick
A: unfitting armour, see invisible, herbivore 3, speed 3, slow metabolism 2
a: Shadow Step, Shadow Form, Renounce Religion


You were in the Dungeon.
You worshipped Dithmenos.
Dithmenos was exalted by your worship.
You were not hungry.

You visited 1 branch You collected 2249 gold pieces.
You spent 167 gold pieces at shops.

Inventory:

Hand Weapons
 a - a +1 dagger (weapon)
Armour
 f - a +2 robe of magic resistance (worn)
Wands
 r - a wand of iceblast (6/15)
Scrolls
 n - 3 scrolls of remove curse
Potions
 e - a potion of curing
 g - a potion of haste
 i - 2 potions of berserk rage
 k - 2 potions of mutation
 l - a potion of might
 p - 4 potions of flight
 q - 2 potions of cure mutation
Books
 b - a book of Cantrips

   Spells                             Type                      Level
   a - Confusing Touch                Hexes                        1
   b - Animate Skeleton               Necromancy                   1
   c - Summon Small Mammal            Summoning                    1
   d - Apportation                    Translocation                1
 c - a book of Maledictions

   Spells                             Type                      Level
   a - Corona                         Hexes                        1
   b - Ensorcelled Hibernation        Hexes/Ice                    2
   c - Confuse                        Hexes                        3
   d - Tukima's Dance                 Hexes                        3
   e - Dazzling Spray                 Conjuration/Hexes            3
 h - a book of Minor Magic

   Spells                             Type                      Level
   a - Magic Dart                     Conjuration                  1
   b - Blink                          Translocation                2
   c - Call Imp                       Summoning                    2
   d - Repel Missiles                 Charms/Air                   2
   e - Slow                           Hexes                        2
   f - Conjure Flame                  Conjuration/Fire             3
   g - Mephitic Cloud                 Conjuration/Poison/Air       3
Comestibles
 d - a bread ration
 o - 5 fruits
 s - 24 royal jellies


   Skills:
 + Level 2.0 Fighting
 + Level 5.2 Short Blades
 + Level 8.3 Dodging
 + Level 22.0 Stealth
 + Level 15.1 Spellcasting
 + Level 3.9 Conjurations
 + Level 15.8 Hexes
 + Level 5.1 Ice Magic
 + Level 1.0 Invocations


You had 28 spell levels left.
You knew the following spells:

 Your Spells              Type           Power        Failure   Level  Hunger
a - Corona                Hex            ######.      0%          1    None
b - Ensorcelled Hibernat  Hex/Ice        #####.       1%          2    None
c - Confuse               Hex            ######..     1%          3    None
d - Tukima's Dance        Hex            ######..     1%          3    None
e - Dazzling Spray        Conj/Hex       #####.       1%          3    None


Dungeon Overview and Level Annotations

Branches:
Dungeon (1/1)

Altars:
Cheibriados
Dithmenos
Elyvilon
Fedhas
Gozag
Hepliaklqana
Kikubaaqudgha
Makhleb
Nemelex Xobeh
Okawaru
Qazlal
Ru
Sif Muna
Trog
Uskayaw
Vehumet
Xom
Yredelemnul
Zin
The Shining One
Beogh
Jiyva
Lugonu

Shops:
D [


Innate Abilities, Weirdness & Mutations

You are very small and have problems with some larger weapons.
You are too small for most types of armour.
You have supernaturally acute eyesight. (SInv)
You are a herbivore.
You cover ground extremely quickly.
You need consume almost no food.


Message History

The tarantella completely misses you.
The deep elf mage points at you and mumbles some strange words.
The bolt of negative energy misses you. The tarantella completely misses you.
The hell rat completely misses you.
The deep elf mage gestures wildly while chanting.
The deep elf mage blinks!
The tarantella bites you!
* * * LOW HITPOINT WARNING * * *
You emit a cloud of dark smoke.
Casting: Ensorcelled Hibernation
Confirm with . or Enter, or press ? or * to list all spells.
Aiming: Ensorcelled Hibernation
Press: ? - help, Shift-Dir - straight line, f/p - deep elf mage
Aim: a deep elf mage, wielding a dagger and wearing a scale mail (umbra, chance to defeat MR: 54%)
The hell rat struggles to resist.
Your shadow mimicks your spell!
The hell rat resists with some effort.
The hell rat closely misses you. The tarantella barely misses you.
The hell rat closely misses you.
You feel better. The tarantella completely misses you.
The tarantella bites you!
You die...

#..#..#)..#__)#._#..)).....##§#..
#..#..###'#'###)##)..).....##§#..
##'#..#..........#..[))....##§#e.
###...'.⌠....)...#.∩#.#.##.##§ee.
###[..#...######)#)##.#####.#####
##....#.⌠.#__#.§.#+##############
#.....#...#__#§e§#....#.#.#).)).#
......#'###__#§r§##.#).#.##.###.#
#....?#.))#__#§§@'##.#.#.##.#..##
##....#___#__'..s#)..#..#..##..+.
▓▓▓▓▓▓▓▓▓▓▓▓▓▓▓▓▓▓▓▓▓▓▓▓▓▓▓▓▓▓#.
♣≈≈≈........≈≈≈...#.
+♣≈≈≈≈≈≈≈≈≈≈≈≈♣♣P.'.
♣♣♣♣♣♣♣♣♣♣♣♣♣♣♣P.#. ♣♣♣## #§ #§


You could see a deep elf mage, a tarantella and a hell rat.

Vanquished Creatures
  Dowan (D)
  Erolcha (D)
  An orc knight (D)
  An orc sorcerer (D)
  2 deep elf magi (D)
  Duvessa (D)
  3 wandering mushrooms (D)
  2 redbacks (D)
  A shadow (D)
  2 hill giants (D)
  A spatial vortex (D)
  2 orc warriors (D)
  A necrophage (D)
  3 two-headed ogres (D)
  A water elemental (D)
  29 killer bees (D)
  3 orc priests (D)
  A jelly (D)
  A wizard (D)
  Jessica (D)
  A necromancer (D)
  3 humans (D)
  A kobold demonologist (D)
  A wolf (D)
  2 oozes (D)
  9 orcs (D)
  A hobgoblin (D)
  A rat (D)
77 creatures vanquished.

Vanquished Creatures (others)
  2 draconian scorchers (D)
  6 hellions (D)
  A yaktaur (D)
  3 orc high priests (D)
  2 killer bees (D)
  An orc priest (D)
  10 plants (D)
25 creatures vanquished.

Grand Total: 102 creatures vanquished

Notes
Turn   | Place    | Note
-------+----------+-------------------------------------------
     0 | D        | poirepourri the Spriggan Enchanter began the quest for the Orb.
     0 | D        | Reached XP level 1. HP: 9/9 MP: 5/5
     9 | D        | Reached skill level 5 in Stealth
    11 | D        | Reached XP level 2. HP: 13/13 MP: 7/7
    16 | D        | Learned a level 2 spell: Ensorcelled Hibernation
    32 | D        | Reached skill level 5 in Hexes
    34 | D        | Noticed Jessica
    38 | D        | Killed Jessica
    38 | D        | Reached skill level 7 in Stealth
    38 | D        | Reached XP level 3. HP: 16/16 MP: 7/9
    64 | D        | Reached skill level 8 in Stealth
    88 | D        | Killed a yaktaur
    93 | D        | Reached XP level 4. HP: 21/21 MP: 7/11
   134 | D        | Killed a hellion
   134 | D        | Killed a hellion
   147 | D        | Killed a hellion
   147 | D        | Killed a hellion
   168 | D        | Killed a hellion
   169 | D        | Killed a hellion
   189 | D        | Killed a white draconian scorcher
   189 | D        | Killed a white draconian scorcher
   223 | D        | Learned a level 3 spell: Confuse
   227 | D        | Learned a level 3 spell: Tukima's Dance
   231 | D        | Learned a level 3 spell: Dazzling Spray
   249 | D        | Noticed a water elemental
   252 | D        | Killed a water elemental
   252 | D        | Reached skill level 10 in Stealth
   252 | D        | Reached skill level 5 in Spellcasting
   255 | D        | Found a radiant altar of Vehumet.
   255 | D        | Found a deep blue altar of Sif Muna.
   255 | D        | Found an ancient bone altar of Kikubaaqudgha.
   255 | D        | Noticed a wizard
   257 | D        | Killed a wizard
   257 | D        | Reached skill level 1 in Ice Magic
   257 | D        | Reached XP level 5. HP: 24/24 MP: 12/14
   259 | D        | Reached skill level 11 in Stealth
   285 | D        | Found a glowing silver altar of Zin.
   285 | D        | Found a glowing golden altar of the Shining One.
   285 | D        | Found a white marble altar of Elyvilon.
   286 | D        | Noticed a deep elf mage
   288 | D        | Killed a deep elf mage
   288 | D        | Reached skill level 5 in Dodging
   288 | D        | Reached skill level 14 in Stealth
   288 | D        | Reached skill level 10 in Hexes
   288 | D        | Reached XP level 6. HP: 28/28 MP: 14/17
   288 | D        | Reached XP level 7. HP: 32/32 MP: 15/19
   316 | D        | Found a hide-covered altar of Uskayaw.
   316 | D        | Found a roughly hewn altar of Beogh.
   316 | D        | Found an iron altar of Okawaru.
   316 | D        | Found a bloodstained altar of Trog.
   316 | D        | Noticed a human
   317 | D        | Noticed a human
   319 | D        | Killed a human
   319 | D        | Reached skill level 15 in Stealth
   320 | D        | Killed a human
   320 | D        | Reached skill level 16 in Stealth
   334 | D        | Found a basalt altar of Yredelemnul.
   334 | D        | Found a shadowy altar of Dithmenos.
   334 | D        | Found a sacrificial altar of Ru.
   351 | D        | Became a worshipper of Dithmenos the Shadowed
   429 | D        | Noticed a shadow
   432 | D        | Killed a shadow
   432 | D        | Reached skill level 17 in Stealth
   432 | D        | Reached XP level 8. HP: 36/36 MP: 22/22
   446 | D        | Found a blossoming altar of Fedhas.
   446 | D        | Found a stormy altar of Qazlal.
   446 | D        | Found a snail-covered altar of Cheibriados.
   446 | D        | Found a burning altar of Makhleb.
   446 | D        | Found a shimmering altar of Xom.
   447 | D        | Found a hazy altar of Hepliaklqana.
   447 | D        | Found an opulent altar of Gozag.
   447 | D        | Found a sparkling altar of Nemelex Xobeh.
   447 | D        | Found a corrupted altar of Lugonu.
   447 | D        | Found a viscous altar of Jiyva.
   455 | D        | Reached * piety under Dithmenos
   634 | D        | Reached ** piety under Dithmenos
   634 | D        | Reached skill level 1 in Conjurations
   954 | D        | Reached skill level 10 in Spellcasting
   958 | D        | Noticed Erolcha
   970 | D        | Reached skill level 1 in Fighting
   990 | D        | Killed Erolcha
   990 | D        | Reached skill level 18 in Stealth
   990 | D        | Reached XP level 9. HP: 20/41 MP: 11/25
  1160 | D        | Reached *** piety under Dithmenos
  1187 | D        | Noticed a wandering mushroom
  1191 | D        | Noticed a wandering mushroom
  1193 | D        | Noticed a wandering mushroom
  1206 | D        | Killed a wandering mushroom
  1211 | D        | Killed a wandering mushroom
  1211 | D        | Reached **** piety under Dithmenos
  1211 | D        | Reached skill level 19 in Stealth
  1265 | D        | Noticed Dowan
  1265 | D        | Noticed Duvessa
  1269 | D        | Killed Duvessa
  1271 | D        | Killed Dowan
  1271 | D        | Reached skill level 20 in Stealth
  1271 | D        | Reached skill level 15 in Hexes
  1271 | D        | Reached XP level 10. HP: 45/45 MP: 19/29
  1395 | D        | Reached ***** piety under Dithmenos
  1609 | D        | Reached ****** piety under Dithmenos
  1976 | D        | Noticed a yaktaur captain
  2142 | D        | Found Ezuhifogac's Antique Armour Boutique.
  2142 | D        | Noticed an orc knight
  2143 | D        | Noticed an orc sorcerer
  2144 | D        | Killed an orc knight
  2144 | D        | Reached skill level 21 in Stealth
  2146 | D        | Reached skill level 5 in Short Blades
  2156 | D        | Noticed a sixfirhy
  2224 | D        | Noticed a rust devil
  2316 | D        | Killed an orc sorcerer
  2316 | D        | Reached skill level 5 in Ice Magic
  2425 | D        | Bought a runed robe for 167 gold pieces
  2567 | D        | Noticed a deep elf mage
  2567 | D        | Noticed a deep elf knight
  2567 | D        | Noticed a deep elf mage
  2567 | D        | Noticed a deep elf mage
  2567 | D        | Noticed a deep elf mage
  2573 | D        | Noticed a deep elf demonologist
  2579 | D        | Killed a deep elf mage
  2579 | D        | Reached skill level 22 in Stealth
  2579 | D        | Reached skill level 15 in Spellcasting
  2579 | D        | Reached skill level 1 in Invocations
  2579 | D        | Reached XP level 11. HP: 50/50 MP: 27/31
  2635 | D        | Slain by a tarantella

Vault maps used:
D:        dungeon_sprint_mu

Skill      XL: |  1  2  3  4  5  6  7  8  9 10 |
---------------+-------------------------------+-----
Stealth        | 5 7 8 10 14 17 18 20 22 | 22.0
Spellcasting   | 3 4 5 7 9 11 14 15 | 15.1
Hexes          | 4 6 8 10 11 13 15 | 15.8
Dodging        | 4 5 6 7 8 |  8.3
Ice Magic      | 1 2 3 4 5 |  5.1
Short Blades   | 2 3 4 5 |  5.2
Conjurations   | 2 3 |  3.9
Fighting       | 1 2 |  2.0
Invocations    | 1 |  1.0

Action                   |  1- 3 |  4- 6 |  7- 9 | 10-12 || total
-------------------------+-------+-------+-------+-------++-------
Melee: Dagger            |     7 |     4 |    20 |    66 ||    97
 Cast: Ensorcelled Hiber |     4 |       |    23 |    55 ||    82
       Confuse           |       |       |     5 |     1 ||     6
       Dazzling Spray    |       |       |    17 |     8 ||    25
Invok: Shadow Step       |       |       |     1 |     2 ||     3
  Use: Potion            |     1 |       |     1 |     3 ||     5
       Scroll            |       |     3 |       |     2 ||     5
 Stab: Sleeping          |     6 |     4 |    15 |    41 ||    66
       Confused          |       |       |     1 |       ||     1
       Invisible         |       |       |       |     2 ||     2
Armor: Robe              |       |       |       |     2 ||     2
Dodge: Dodged            |     5 |       |    19 |   131 ||   155
